[Event "Titled Tuesday Blitz February 28 Early 2023"]
[White "Perez Ponsa, Federico"]
[Black "Al-Tarboush, Ward"]
[WhiteFideId "117927"]
[BlackFideId "7601450"]
[WhiteElo "2592"]
[BlackElo "2267"]
[Result "0-1"]
[Round "08"]
[TimeControl "180+2"]
[Date "2023.02.28"]
[WhiteClock "0:01:14"]
[BlackClock "0:00:06"]

1. e4 e6 2. d4 d5 3. e5 c5 4. c3 Nc6 5. Nf3 Qb6 6. Be2 cxd4 7. cxd4 Nh6 8. Bxh6 gxh6 9. Nbd2 Qxb2 10. O-O Qb6 11. Rb1 Qd8 12. Nb3 Bd7 13. Ne1 b6 14. f4 Bg7 15. Nc2 O-O 16. Bd3 f5 17. exf6 Qxf6 18. Ne3 Nxd4 19. Ng4 Qe7 20. Bxh7+ Kxh7 21. Nxd4 Bxd4+ 22. Qxd4 Be8 23. Ne5 Qc5 24. Qxc5 bxc5 25. Rb7+ Kh8 26. Rf3 Rf6 27. Rg3 Bh5 28. Rgg7 Rd8 29. Rh7+ Kg8 30. Rbg7+ Kf8 31. Rxa7 Kg8 32. Rag7+ Kf8 33. g4 Be8 34. g5 hxg5 35. fxg5 Rf5 36. Ng4 Rf7 37. Rxf7+ Bxf7 38. Ne5 Be8 39. h4 d4 40. Kf2 d3 41. Ke1 d2+ 42. Kd1 Ba4+ 0-1


[Site "https://www.chess.com"]

[Event "Titled Tuesday Blitz February 28 Early 2023"]
[White "Mamedov, Edgar"]
[Black "Kravtsiv, Martyn"]
[WhiteFideId "13739980"]
[BlackFideId "14113147"]
[WhiteElo "2330"]
[BlackElo "2695"]
[Result "0-1"]
[Round "08"]
[TimeControl "180+2"]
[Date "2023.02.28"]
[WhiteClock "0:00:01"]
[BlackClock "0:00:11"]

1. d4 d5 2. c4 e6 3. Nf3 Nf6 4. Nc3 Nbd7 5. cxd5 exd5 6. Bf4 Nb6 7. e3 Bd6 8. Bxd6 Qxd6 9. Bd3 O-O 10. O-O Bg4 11. Qc2 Bxf3 12. gxf3 c6 13. Kh1 Kh8 14. Ne2 Nc8 15. Ng3 Qe7 16. Nf5 Qd7 17. Rg1 g6 18. Ng3 Nd6 19. f4 Rg8 20. f5 g5 21. f3 g4 22. e4 dxe4 23. fxe4 Nb5 24. Bxb5 cxb5 25. Rad1 Rge8 26. e5 Qd5+ 27. Qg2 Qxg2+ 28. Rxg2 Nd5 29. Re2 Rad8 30. Re4 Rc8 31. Rd2 b4 32. Kg2 Rc1 33. Kf2 Rec8 34. Rxg4 R8c2 35. Rxc2 Rxc2+ 36. Kf3 Rxb2 37. f6 Rxa2 38. Nf5 h5 39. Rh4 Kg8 40. Ne7+ Kf8 41. Nxd5 b3 42. Rxh5 Ke8 43. Rh8+ Kd7 44. Rb8 b2 45. Nc3 Kc7 46. Rf8 Ra3 47. Rxf7+ Kb6 48. Rxb7+ Kxb7 49. f7 Rxc3+ 50. Kg2 b1=Q 51. f8=Q Qb2+ 52. Qf2 Rc2 0-1


[Site "https://www.chess.com"]

[Event "Titled Tuesday Blitz February 28 Early 2023"]
[White "Drygalov, Sergey"]
[Black "Gunduz, Umut Erdem"]
[WhiteFideId "24171743"]
[BlackFideId "6381383"]
[WhiteElo "2533"]
[BlackElo "2182"]
[Result "1-0"]
[Round "08"]
[TimeControl "180+2"]
[Date "2023.02.28"]
[WhiteClock "0:00:07"]
[BlackClock "0:00:04"]

1. d4 Nf6 2. c4 e6 3. Nc3 c5 4. d5 exd5 5. cxd5 d6 6. Nf3 g6 7. e4 a6 8. a4 Bg4 9. Qb3 Bxf3 10. Qxb7 Nbd7 11. gxf3 Bg7 12. Be2 O-O 13. Qb3 Nh5 14. h4 f5 15. Qc2 f4 16. a5 Bf6 17. Bd2 Bxh4 18. Na4 Bf6 19. O-O-O Bd4 20. Rh2 Qf6 21. Bc3 Bxc3 22. Qxc3 Qxc3+ 23. bxc3 Nhf6 24. Kc2 Rfb8 25. Rhh1 Kf7 26. Rb1 Ke7 27. Rxb8 Rxb8 28. Nb2 Ne5 29. Nc4 Ned7 30. Bf1 h5 31. Rg1 Rg8 32. Nd2 Ne5 33. Be2 Kf7 34. Nc4 Nxc4 35. Bxc4 Nd7 36. Ra1 Ra8 37. Rb1 Ra7 38. Bf1 g5 39. Bh3 Ne5 40. Be6+ Ke7 41. Rh1 Nxf3 42. Rxh5 Kf6 43. Bg4 Ne5 44. Be2 Rb7 45. Rh6+ Kg7 46. Rxd6 c4 47. Rxa6 f3 48. Bf1 g4 49. Re6 Ng6 50. Bxc4 Nf4 51. Re5 Nh3 52. a6 Ra7 53. d6 Nxf2 54. Re7+ Kf6 55. Rxa7 g3 56. Rf7+ Ke5 57. a7 g2 58. Rg7 Nh3 59. a8=Q 1-0


[Site "https://www.chess.com"]

[Event "Titled Tuesday Blitz February 28 Early 2023"]
[White "Ohanyan, Emin"]
[Black "Demin, Vladimir"]
[WhiteFideId "13312022"]
[BlackFideId "4167457"]
[WhiteElo "2403"]
[BlackElo "2584"]
[Result "0-1"]
[Round "08"]
[TimeControl "180+2"]
[Date "2023.02.28"]
[WhiteClock "0:00:02"]
[BlackClock "0:00:11"]

1. e4 e5 2. Nc3 Nf6 3. Bc4 Nc6 4. d3 Na5 5. Bb3 Bb4 6. Ne2 O-O 7. O-O Nxb3 8. axb3 d5 9. Bg5 dxe4 10. dxe4 c6 11. Qxd8 Rxd8 12. Bxf6 gxf6 13. Rfd1 Rxd1+ 14. Nxd1 Be6 15. Ne3 Bc5 16. Nf5 Bxf5 17. exf5 Kf8 18. Nc3 Ke7 19. Ne4 Bb6 20. Kf1 Rd8 21. Ke2 Rd4 22. f3 Rd8 23. g4 h6 24. h4 a5 25. c3 Bc7 26. b4 axb4 27. Ra7 Rb8 28. cxb4 Bb6 29. Ra3 Rd8 30. b5 cxb5 31. Rb3 Bd4 32. Rxb5 b6 33. Nd2 Rc8 34. Kd3 Rc1 35. Nc4 Kd7 36. Rd5+ Kc7 37. g5 hxg5 38. hxg5 fxg5 39. Nxe5 Bxe5 40. Rxe5 Kd6 41. Rb5 Kc6 42. Rb4 b5 43. f6 Rc5 0-1


[Site "https://www.chess.com"]

[Event "Titled Tuesday Blitz February 28 Early 2023"]
[White "Eswaran, Ashritha"]
[Black "Yeletsky, Ivan"]
[WhiteFideId "2080788"]
[BlackFideId "24180327"]
[WhiteElo "2551"]
[BlackElo "2414"]
[Result "0-1"]
[Round "08"]
[TimeControl "180+2"]
[Date "2023.02.28"]
[WhiteClock "0:00:26"]
[BlackClock "0:01:08"]

1. e4 Nf6 2. e5 Nd5 3. d4 d6 4. Nf3 Bg4 5. h3 Bxf3 6. Qxf3 dxe5 7. dxe5 e6 8. Bd3 Nc6 9. Qe4 Ndb4 10. O-O Nxd3 11. cxd3 Qd4 12. Qxd4 Nxd4 13. Nc3 O-O-O 14. Bg5 Rd7 15. Rad1 Bc5 16. Ne4 Bb6 17. Kh2 h6 18. Be3 Rhd8 19. f4 Kb8 20. a3 Nf5 21. Bxb6 axb6 22. Rf3 b5 23. g4 Nd4 24. Rf2 b6 25. Kg3 Ka7 26. f5 Nc6 27. Kf4 Rxd3 28. Rxd3 Rxd3 29. h4 Ne7 30. Nc3 Ka6 31. Ke4 Rg3 32. Kf4 Rh3 33. fxe6 fxe6 34. h5 c5 35. Rd2 b4 36. axb4 cxb4 37. Nd1 Nd5+ 38. Ke4 Rg3 39. Nf2 Kb5 40. Kd4 Ka4 41. Rd3 Rxd3+ 42. Nxd3 Kb3 43. Ke4 Kc2 44. Kd4 b3 45. Ke4 Ne7 46. Ke3 Nc6 47. Ke4 Na5 48. Kd4 Nb7 49. Nf4 Nc5 50. Ng2 Kxb2 51. Ne3 Ka2 52. Nd1 b2 53. Nxb2 Kxb2 54. Kc4 Nd7 55. Kb5 Nxe5 56. Kxb6 Nxg4 0-1


[Site "https://www.chess.com"]

[Event "Titled Tuesday Blitz February 28 Early 2023"]
[White "Manukyan, Sargis V."]
[Black "Molina, Roberto Junio Brito"]
[WhiteFideId "13303465"]
[BlackFideId "2109450"]
[WhiteElo "2236"]
[BlackElo "2376"]
[Result "1/2-1/2"]
[Round "08"]
[TimeControl "180+2"]
[Date "2023.02.28"]
[WhiteClock "0:00:05"]
[BlackClock "0:00:42"]

1. Nf3 d5 2. c4 c6 3. e3 Nf6 4. Nc3 a6 5. b3 Bg4 6. Bb2 Nbd7 7. d4 Ne4 8. cxd5 cxd5 9. a3 e6 10. Bd3 Nxc3 11. Bxc3 Rc8 12. Bd2 Bd6 13. h3 Bh5 14. O-O O-O 15. Qe2 Qe7 16. b4 Nb6 17. Rfc1 Bg6 18. Rab1 Nc4 19. Bxg6 hxg6 20. Qd3 f5 21. Be1 Rc7 22. a4 Rfc8 23. b5 axb5 24. Rxb5 b6 25. Ra1 Ra7 26. Nd2 Qd7 27. Qb3 Ra5 28. Rxa5 bxa5 29. Nxc4 dxc4 30. Qb5 Qxb5 31. axb5 Bb4 32. Kf1 c3 33. Ke2 Rb8 34. Kd3 Rxb5 35. Bxc3 Bxc3 36. Kxc3 Kf7 37. Ra2 Kf6 38. Kc4 Rb1 39. Rxa5 Rb2 40. f4 Rxg2 41. Ra6 Kf7 42. Ra7+ Kf6 43. Ra6 Rd2 44. Kc3 Rd1 45. Kc2 Re1 46. Kd2 Rh1 47. d5 Rxh3 48. Rxe6+ Kf7 49. Ra6 Rh1 50. Ra7+ Kf6 51. Kd3 Rd1+ 52. Kc4 Re1 53. Kd4 Rd1+ 54. Kc4 Re1 55. Kd4 Rd1+ 56. Kc4 1/2-1/2


[Site "https://www.chess.com"]

[Event "Titled Tuesday Blitz February 28 Early 2023"]
[White "Harsh Suresh"]
[Black "Buksa, Nataliya"]
[WhiteFideId "45018464"]
[BlackFideId "14123622"]
[WhiteElo "2227"]
[BlackElo "2316"]
[Result "1-0"]
[Round "08"]
[TimeControl "180+2"]
[Date "2023.02.28"]
[WhiteClock "0:00:25"]
[BlackClock "0:00:12"]

1. e4 c5 2. Nc3 Nc6 3. Bb5 Nd4 4. Bc4 e6 5. Nf3 a6 6. Nxd4 cxd4 7. Ne2 Qg5 8. O-O Qc5 9. d3 b5 10. Bb3 Bb7 11. a4 Nf6 12. axb5 axb5 13. Rxa8+ Bxa8 14. Qd2 d6 15. Qa5 Bb7 16. c3 dxc3 17. Be3 Qc6 18. Nxc3 Be7 19. Ra1 O-O 20. Qxb5 Qxb5 21. Nxb5 Ra8 22. Rxa8+ Bxa8 23. f3 Bc6 24. Nc3 d5 25. Kf2 Kf8 26. Ba4 Bb7 27. e5 Ne8 28. Bb6 f6 29. f4 g5 30. g3 gxf4 31. gxf4 fxe5 32. fxe5 Ng7 33. Bd7 Kf7 34. Ne2 Nf5 35. Nf4 Ng7 36. Kg3 Ba6 37. d4 Bg5 38. Bc5 Nf5+ 39. Kg4 Bxf4 40. Kxf4 Ng7 41. b4 Ne8 42. b5 Bb7 43. Bc6 Bxc6 44. bxc6 Nc7 45. Bb6 Nb5 46. c7 Nxc7 47. Bxc7 Kg6 48. Kg4 Kh6 49. Bd8 Kg6 50. Bg5 h6 51. Bd2 h5+ 52. Kf4 h4 53. Kg4 h3 54. Bg5 Kf7 55. Kxh3 Kg6 56. Kg4 Kf7 57. Kh5 Kg7 58. h4 Kh7 59. Bf6 Kg8 60. Kg6 Kf8 61. h5 Ke8 62. h6 Kd7 63. Kf7 Kc6 64. Kxe6 Kb5 65. Kxd5 Kb4 66. h7 Kc3 67. h8=Q Kd3 68. Qh3+ Kc2 69. Kc4 Kd2 70. Qf3 Ke1 71. Qg2 Kd1 72. Kc3 Ke1 73. Bg5 Kd1 74. Qf1# 1-0


[Site "https://www.chess.com"]

[Event "Titled Tuesday Blitz February 28 Early 2023"]
[White "Krstulovic, Alex"]
[Black "Yilmaz, Mustafa"]
[WhiteFideId "760056"]
[BlackFideId "6302718"]
[WhiteElo "2311"]
[BlackElo "2523"]
[Result "0-1"]
[Round "08"]
[TimeControl "180+2"]
[Date "2023.02.28"]
[WhiteClock "0:00:03"]
[BlackClock "0:00:10"]

1. d4 Nf6 2. Nf3 d5 3. Bf4 e6 4. e3 Bd6 5. Ne5 O-O 6. Nd2 c5 7. c3 Qc7 8. Bd3 b6 9. h4 Ba6 10. Bxa6 Nxa6 11. h5 h6 12. Qe2 Nb8 13. g4 Nbd7 14. Ndf3 Ne4 15. Nxd7 Qxd7 16. Ne5 Bxe5 17. dxe5 c4 18. f3 Nc5 19. Rd1 Nd3+ 20. Rxd3 cxd3 21. Qxd3 Qa4 22. Qb1 f6 23. Bxh6 Qe8 24. Bf4 fxe5 25. h6 e4 26. hxg7 Kxg7 27. fxe4 Qg6 28. Bh6+ Kg8 29. Bxf8 Rxf8 30. Kd2 Rf2+ 31. Ke1 Rg2 32. Rf1 Qxg4 33. Qd1 Qg3+ 0-1


[Site "https://www.chess.com"]

[Event "Titled Tuesday Blitz February 28 Early 2023"]
[White "Belozerov, Andrei"]
[Black "Sasikiran, Krishnan"]
[WhiteFideId "4120213"]
[BlackFideId "5004985"]
[WhiteElo "2360"]
[BlackElo "2567"]
[Result "1/2-1/2"]
[Round "08"]
[TimeControl "180+2"]
[Date "2023.02.28"]
[WhiteClock "0:00:15"]
[BlackClock "0:01:06"]

1. e4 c5 2. Nf3 d6 3. Bb5+ Nd7 4. a4 Nf6 5. Nc3 a6 6. Be2 b6 7. d4 cxd4 8. Qxd4 Bb7 9. O-O g6 10. e5 dxe5 11. Nxe5 Nxe5 12. Qxe5 Bg7 13. Rd1 Qc8 14. Be3 O-O 15. Qxe7 Re8 16. Qb4 Re6 17. Rd3 Bf8 18. Qh4 Bc5 19. Rad1 Bxe3 20. Rxe3 Rxe3 21. fxe3 Qe6 22. Qf4 Qe7 23. Rd6 Nd7 24. Bf3 Bxf3 25. gxf3 Ne5 26. Rd4 Rc8 27. Re4 Rc5 28. Kg2 Kg7 29. Rd4 Qe6 30. Qe4 Nc4 31. Qxe6 fxe6 32. Rd7+ Kh6 33. Ne4 Rd5 34. Rxd5 exd5 35. Nf6 Nxb2 36. Nxd5 Nxa4 37. e4 Kg7 38. e5 Kf7 39. f4 b5 40. Kf3 Nc5 41. Ke3 a5 42. Kd4 Ne6+ 43. Ke4 a4 44. Nb4 Ke7 45. f5 gxf5+ 46. Kxf5 Nc5 47. Nd5+ Kf7 48. Nb4 a3 49. h4 h5 50. Kg5 Ke6 51. Kxh5 Kxe5 52. Kg6 Kd4 53. h5 Kc4 54. h6 Ne6 55. Na2 b4 56. h7 Nf8+ 57. Kg7 Nxh7 58. Kxh7 b3 59. cxb3+ Kxb3 60. Nc1+ Kb2 61. Nd3+ Kb1 62. Nb4 Kb2 63. Kg6 Kc3 64. Na2+ Kc2 65. Kf5 Kb2 66. Nb4 Kb3 67. Nd3 Kc3 68. Nc1 Kc2 69. Na2 Kb2 70. Nb4 Kb3 71. Nd3 Kc2 72. Nb4+ Kc3 73. Na2+ Kb2 1/2-1/2


[Site "https://www.chess.com"]

[Event "Titled Tuesday Blitz February 28 Early 2023"]
[White "Acor, Corey"]
[Black "Md, Imran"]
[WhiteFideId "2024861"]
[BlackFideId "25748580"]
[WhiteElo "2341"]
[BlackElo "2217"]
[Result "1-0"]
[Round "08"]
[TimeControl "180+2"]
[Date "2023.02.28"]
[WhiteClock "0:00:35"]
[BlackClock "0:00:06"]

1. e4 c5 2. Nc3 Nc6 3. g3 e6 4. Bg2 Nf6 5. d3 d5 6. exd5 exd5 7. Nge2 Be7 8. O-O O-O 9. h3 Be6 10. Nf4 Qd7 11. Nce2 Bf5 12. g4 Bg6 13. g5 Nh5 14. Nxd5 Bd6 15. Nef4 Nxf4 16. Bxf4 Rad8 17. Re1 Bf5 18. Bxd6 Qxd6 19. Ne3 Be6 20. Qf3 Nd4 21. Qg3 Qb6 22. b3 Rfe8 23. Rad1 a5 24. Qf4 a4 25. c3 Nb5 26. Nc4 Qa7 27. Qc1 axb3 28. axb3 Qa2 29. Bxb7 Qxb3 30. Nd2 Qxc3 31. Bc6 Bd7 32. Qxc3 Nxc3 33. Bxd7 1-0


[Site "https://www.chess.com"]

[Event "Titled Tuesday Blitz February 28 Early 2023"]
[White "Atakhan, Abtin"]
[Black "Postny, Evgeny"]
[WhiteFideId "22502203"]
[BlackFideId "2804344"]
[WhiteElo "2189"]
[BlackElo "2509"]
[Result "0-1"]
[Round "08"]
[TimeControl "180+2"]
[Date "2023.02.28"]
[WhiteClock "0:00:04"]
[BlackClock "0:00:11"]

1. c4 g6 2. Nf3 Bg7 3. Nc3 c5 4. e3 Nc6 5. d4 d6 6. Be2 Bg4 7. O-O Bxf3 8. Bxf3 cxd4 9. exd4 Nf6 10. Re1 O-O 11. Bf4 Rc8 12. Qd2 Re8 13. Rad1 a6 14. Bg5 Qa5 15. h4 h5 16. Re2 Nh7 17. Bxc6 Rxc6 18. Rxe7 Rxe7 19. Bxe7 Rxc4 20. Qe3 Qb6 21. b3 Bxd4 22. Qf4 Bxf2+ 23. Qxf2 Qxf2+ 24. Kxf2 Rxc3 25. Rxd6 Rc2+ 26. Kf3 Rxa2 27. Rb6 Kg7 28. Bc5 Rd2 29. Rxb7 Nf6 30. Be3 Rd3 31. Ke2 Rd7 32. Rb6 Nd5 33. Bd4+ Kh6 34. Rxa6 Nf4+ 35. Ke3 Nxg2+ 36. Ke4 Nxh4 37. Ra8 Nf5 38. Bf6 g5 0-1


[Site "https://www.chess.com"]

[Event "Titled Tuesday Blitz February 28 Early 2023"]
[White "Movahed, Sina"]
[Black "Volkov, Maksim"]
[WhiteFideId "42520835"]
[BlackFideId "54123070"]
[WhiteElo "2225"]
[BlackElo "2328"]
[Result "0-1"]
[Round "08"]
[TimeControl "180+2"]
[Date "2023.02.28"]
[WhiteClock "0:01:12"]
[BlackClock "0:00:37"]

1. e4 c5 2. Nf3 d6 3. d4 cxd4 4. Nxd4 Nf6 5. Nc3 a6 6. Bg5 e6 7. f4 Be7 8. Qf3 Qc7 9. O-O-O Nbd7 10. Bd3 b5 11. Rhe1 Bb7 12. Nd5 exd5 13. Nf5 Kf8 14. exd5 Bd8 15. Qg3 Rg8 16. Nxg7 Rxg7 17. Bh6 Nh5 18. Qf3 Ndf6 19. g4 Bxd5 20. Qf2 Nxg4 21. Qe2 Ngf6 22. Rg1 Qe7 23. Qf2 Kg8 24. Bxg7 Nxg7 25. Rde1 Qf8 26. Re3 Bb6 27. Kb1 Bxe3 28. Qxe3 Re8 29. Qd4 Qe7 30. b3 Kf8 31. Bxh7 Qe3 32. Qxf6 Qxg1+ 33. Kb2 Qc5 34. h4 b4 0-1


[Site "https://www.chess.com"]

[Event "Titled Tuesday Blitz February 28 Early 2023"]
[White "Real_OceanStorm"]
[Black "Diaz Perez, Michel Alejandro"]
[BlackFideId "3517179"]
[WhiteElo "2761"]
[BlackElo "2333"]
[Result "1-0"]
[Round "08"]
[TimeControl "180+2"]
[Date "2023.02.28"]
[WhiteClock "0:01:27"]
[BlackClock "0:00:52"]

1. e4 e5 2. Nf3 Nc6 3. Bb5 a6 4. Bxc6 dxc6 5. O-O Bg4 6. d3 f6 7. h3 Bxf3 8. Qxf3 Qd7 9. Be3 O-O-O 10. Nc3 h5 11. Ne2 g5 12. Rfd1 g4 13. Qg3 c5 14. f3 gxh3 15. Qxh3 Qxh3 16. gxh3 b6 17. Kf2 Bh6 18. Bxh6 Nxh6 19. Rg1 Rhg8 20. Rxg8 Rxg8 21. h4 Nf7 22. Ng3 Rh8 23. Nf5 Nd8 24. Rg1 Ne6 25. Rg6 Rf8 26. Ne7+ Kd7 27. Nd5 Nf4 28. Nxf4 exf4 29. Rh6 Ke6 30. Rxh5 Rg8 31. Rf5 c4 32. dxc4 Rd8 33. Ke2 Rg8 34. Rxf4 Rg2+ 35. Kd3 Rh2 36. b4 c6 37. a4 Rh3 38. b5 axb5 39. cxb5 cxb5 40. axb5 Rh1 41. c4 Rd1+ 42. Kc2 Rf1 43. c5 bxc5 44. Rf5 c4 45. b6 Rg1 46. h5 Rg8 47. h6 Rb8 48. h7 Kf7 49. Rc5 Kg7 50. Rc7+ Kh8 51. b7 Rxb7 52. Rxb7 1-0


[Site "https://www.chess.com"]

[Event "Titled Tuesday Blitz February 28 Early 2023"]
[White "Seemann, Jakub"]
[Black "Fernandez Guillen, Ernesto J."]
[WhiteFideId "21874697"]
[BlackFideId "3512428"]
[WhiteElo "2364"]
[BlackElo "2423"]
[Result "0-1"]
[Round "08"]
[TimeControl "180+2"]
[Date "2023.02.28"]
[WhiteClock "0:00:03"]
[BlackClock "0:00:17"]

1. Nf3 Nf6 2. c4 g6 3. Nc3 Bg7 4. d4 d6 5. Bg5 O-O 6. e3 b6 7. Qc2 Bb7 8. Bd3 Nbd7 9. O-O-O Qe8 10. h4 e5 11. d5 Nc5 12. Be2 Nfd7 13. e4 f5 14. exf5 gxf5 15. h5 e4 16. Nd4 a5 17. h6 Bf6 18. Bxf6 Rxf6 19. f4 Kh8 20. g4 fxg4 21. Bxg4 Rxf4 22. Rhg1 Qe5 23. Bxd7 Nd3+ 24. Kb1 Rf2 25. Rd2 Qxd4 26. Rxf2 Nxf2 27. Be6 Rf8 28. Ka1 Bc8 29. Nb5 Qf6 30. Nxc7 Nd3 31. a3 Bxe6 32. Nxe6 Rg8 33. Rh1 Rc8 34. Qb3 Qf3 35. Rg1 Qf2 36. Qc3+ Ne5 37. Rg7 Rxc4 38. Re7 Qg1+ 39. Ka2 Rxc3 40. Re8+ Qg8 41. Rxg8+ Kxg8 42. bxc3 a4 43. Kb2 Kf7 44. Ng5+ Kg6 45. Nxe4 Nc4+ 46. Ka2 Kxh6 47. Nf2 Kg6 48. Kb1 h5 49. Kc1 Kf5 50. Kc2 h4 51. Kd3 b5 52. Ne4 h3 53. Nf2 h2 54. Nh1 Kf4 55. Kd4 Kf3 56. Kd3 Nxa3 0-1


[Site "https://www.chess.com"]

[Event "Titled Tuesday Blitz February 28 Early 2023"]
[White "EREBUNI91"]
[Black "Arabidze, Meri"]
[BlackFideId "13604040"]
[WhiteElo "2732"]
[BlackElo "2405"]
[Result "1/2-1/2"]
[Round "08"]
[TimeControl "180+2"]
[Date "2023.02.28"]
[WhiteClock "0:00:06"]
[BlackClock "0:00:07"]

1. e4 c5 2. Nc3 e6 3. Nf3 a6 4. g3 Nc6 5. Bg2 Nf6 6. d4 cxd4 7. Nxd4 Qc7 8. O-O Bc5 9. Be3 Ne5 10. Bf4 d6 11. Nb3 Ba7 12. Qe2 O-O 13. Rfd1 b5 14. Nd4 Bd7 15. a3 Rfd8 16. Bxe5 dxe5 17. Nb3 Bc6 18. Rxd8+ Rxd8 19. Rd1 h6 20. Rxd8+ Qxd8 21. Qd2 Qxd2 22. Nxd2 Bd4 23. Nd1 Kf8 24. Kf1 a5 25. Ke2 Ke7 26. f3 Bg1 27. h3 Bb6 28. Ke1 Nh5 29. g4 Nf4 30. Bf1 g5 31. Nf2 Bd4 32. c3 Bb6 33. Nd3 Kd6 34. Nxf4 exf4 35. Kd1 Ke5 36. a4 Kd6 37. axb5 Bd7 38. Kc2 a4 39. Nc4+ Kc5 40. Nxb6 Kxb6 41. b3 Bxb5 42. Bxb5 Kxb5 43. bxa4+ Kxa4 44. Kb2 Kb5 45. Kc2 Kc5 46. Kd3 f6 47. Kd2 Kc4 48. Kc2 Kc5 49. Kb3 Kb5 50. Kb2 Kc4 51. Kc2 Kc5 52. Kb3 Kb5 53. c4+ Kc5 54. Kc3 e5 55. Kb3 Kd4 56. Kb4 Ke3 57. c5 Kxf3 58. c6 Kg2 59. c7 f3 60. c8=Q f2 61. Qc2 Kg1 62. Qc5 Kg2 63. Qc2 Kg1 64. Qc5 Kg2 65. Qc2 1/2-1/2


[Site "https://www.chess.com"]

[Event "Titled Tuesday Blitz February 28 Early 2023"]
[White "Aradhya, Garg"]
[Black "Sielecki, Christof"]
[WhiteFideId "25006746"]
[BlackFideId "4620437"]
[WhiteElo "2278"]
[BlackElo "2443"]
[Result "1-0"]
[Round "08"]
[TimeControl "180+2"]
[Date "2023.02.28"]
[WhiteClock "0:01:27"]
[BlackClock "0:00:09"]

1. d4 d5 2. c4 e6 3. Nf3 Nf6 4. Nc3 a6 5. c5 b6 6. cxb6 cxb6 7. Bf4 Bd6 8. e3 O-O 9. Ne5 Bb7 10. Bd3 Nc6 11. Qf3 Qc7 12. Qg3 Bxe5 13. dxe5 Nd7 14. Rc1 Ncxe5 15. O-O Qd6 16. Rfd1 f6 17. e4 d4 18. Bb1 Rac8 19. Be3 Qe7 20. Bxd4 b5 21. a3 Kh8 22. Ne2 Rxc1 23. Rxc1 Ng6 24. Rc7 Ba8 25. Bc5 Qd8 26. Bxf8 Ngxf8 27. Qd6 1-0


[Site "https://www.chess.com"]

[Event "Titled Tuesday Blitz February 28 Early 2023"]
[White "Wagner, Dennis"]
[Black "Postma, Dinant"]
[WhiteFideId "24650684"]
[BlackFideId "1018612"]
[WhiteElo "2470"]
[BlackElo "2600"]
[Result "1-0"]
[Round "08"]
[TimeControl "180+2"]
[Date "2023.02.28"]
[WhiteClock "0:00:08"]
[BlackClock "0:00:03"]

1. c4 e6 2. Nf3 d5 3. d4 c5 4. cxd5 exd5 5. g3 Nc6 6. Bg2 Nf6 7. O-O Be7 8. dxc5 Bxc5 9. a3 Ne4 10. Nfd2 f5 11. Nc3 Bb6 12. Nb3 Be6 13. Na4 Qf6 14. Nxb6 axb6 15. e3 O-O 16. Nd4 Bf7 17. Qb3 Nxd4 18. exd4 Qxd4 19. Be3 Qf6 20. Qxb6 Qxb6 21. Bxb6 Rfc8 22. Rac1 Rc6 23. Rxc6 bxc6 24. Rc1 Rb8 25. Bd4 Be8 26. f3 Nd2 27. Re1 Kf7 28. b4 Nb3 29. Be5 Ra8 30. Bd6 Rd8 31. Bc7 Rd7 32. Bb6 Rb7 33. Bf2 Bd7 34. f4 Rb8 35. Rb1 Nd2 36. Ra1 Ne4 37. Bxe4 dxe4 38. Bc5 Be6 39. Rd1 Bd5 40. a4 Ra8 41. a5 Ke6 42. Kf2 g6 43. Ke3 h6 44. h3 g5 45. h4 gxf4+ 46. Kxf4 Rg8 47. Rg1 Rg4+ 48. Ke3 f4+ 49. Kf2 e3+ 50. Ke2 fxg3 51. Kxe3 g2 52. a6 Rg8 53. a7 Kf5 54. Kf2 Ke4 55. Re1+ Kd3 56. Kg1 Kc4 57. Rc1+ Kb5 58. Ra1 Ra8 59. Ra5+ Kc4 60. Ra2 h5 61. Rc2+ Kb5 62. Rf2 Ka6 63. Re2 Kb7 64. Re7+ Ka6 65. Re5 Kb7 66. Rxh5 Ka6 67. Rf5 Re8 68. Kh2 Re1 69. a8=Q+ Kb5 70. Qa5+ Kc4 71. Qa6+ Kb3 72. h5 Rh1+ 73. Kg3 g1=Q+ 74. Bxg1 Rxg1+ 75. Kf2 Rf1+ 76. Kxf1 1-0


[Site "https://www.chess.com"]

[Event "Titled Tuesday Blitz February 28 Early 2023"]
[White "Ingebretsen, Jens E"]
[Black "Rostomyan, Mikayel"]
[WhiteFideId "1522965"]
[BlackFideId "13313754"]
[WhiteElo "2213"]
[BlackElo "2009"]
[Result "0-1"]
[Round "08"]
[TimeControl "180+2"]
[Date "2023.02.28"]
[WhiteClock "0:00:45"]
[BlackClock "0:00:07"]

1. d4 Nf6 2. c4 c5 3. d5 b5 4. cxb5 a6 5. bxa6 e6 6. Nc3 exd5 7. Nxd5 Nxa6 8. Bg5 Be7 9. Nxe7 Qxe7 10. Nf3 Rb8 11. b3 Rb6 12. e3 Bb7 13. Be2 h6 14. Bh4 g5 15. Bg3 h5 16. h3 Rg8 17. O-O h4 18. Bh2 g4 19. Nxh4 gxh3 20. Bf3 hxg2 21. Nxg2 Ne4 22. Bxe4 Qxe4 23. f3 Qh7 24. Bf4 Rbg6 25. Rf2 Qh3 26. Qe2 Nb4 27. e4 Rh8 28. Rff1 Qh1+ 29. Kf2 Rxg2+ 30. Ke3 Rxe2+ 31. Kxe2 Qg2+ 32. Rf2 Qg7 33. Rd1 Ba6+ 34. Ke3 Qc3+ 35. Rd3 Qxd3# 0-1


[Site "https://www.chess.com"]

[Event "Titled Tuesday Blitz February 28 Early 2023"]
[White "Koridze, Lile"]
[Black "Subelj, Jan"]
[WhiteFideId "13612514"]
[BlackFideId "14618583"]
[WhiteElo "2047"]
[BlackElo "2480"]
[Result "0-1"]
[Round "08"]
[TimeControl "180+2"]
[Date "2023.02.28"]
[WhiteClock "0:02:49"]
[BlackClock "0:02:41"]

1. d4 Nc6 2. c4 e5 3. d5 Bb4+ 4. Bd2 Bxd2+ 5. Qxd2 Nce7 6. e4 d6 7. Nc3 f5 8. exf5 Bxf5 9. Nf3 Nf6 10. Bd3 e4 11. Nd4 exd3 0-1


[Site "https://www.chess.com"]

[Event "Titled Tuesday Blitz February 28 Early 2023"]
[White "Bharath Subramaniyam H"]
[Black "Florescu, Codrut-Constantin"]
[WhiteFideId "46634827"]
[BlackFideId "1202200"]
[WhiteElo "2395"]
[BlackElo "2191"]
[Result "1-0"]
[Round "08"]
[TimeControl "180+2"]
[Date "2023.02.28"]
[WhiteClock "0:00:47"]
[BlackClock "0:00:17"]

1. d4 Nf6 2. Nf3 e6 3. Bf4 d5 4. e3 c5 5. c3 Nc6 6. Nbd2 Be7 7. Ne5 Nxe5 8. Bxe5 O-O 9. Bd3 Qb6 10. Rb1 Bd7 11. Qe2 a6 12. O-O Bb5 13. Bxb5 Qxb5 14. Qxb5 axb5 15. a3 c4 16. Bxf6 Bxf6 17. f4 g5 18. e4 gxf4 19. Rxf4 Bg7 20. Rbf1 b4 21. axb4 Ra2 22. Rb1 e5 23. dxe5 Bxe5 24. Rg4+ Kh8 25. exd5 Bxc3 26. Nxc4 Bxb4 27. Rf1 b5 28. Ne5 Bc5+ 29. Kh1 Rxb2 30. h4 f5 31. Rg5 Bd6 32. Nd7 Rf7 33. Nb6 f4 34. Nc8 Bc5 35. d6 Be3 36. Rd5 Rd7 37. Ne7 Rd2 38. Rxd2 Bxd2 39. Ra1 Rxd6 40. Ra8+ Kg7 41. Nf5+ Kf6 42. Nxd6 1-0


[Site "https://www.chess.com"]

[Event "Titled Tuesday Blitz February 28 Early 2023"]
[White "Koellner, Ruben Gideon"]
[Black "Galchenko, Matvey"]
[WhiteFideId "12993093"]
[BlackFideId "24175480"]
[WhiteElo "2303"]
[BlackElo "2404"]
[Result "0-1"]
[Round "08"]
[TimeControl "180+2"]
[Date "2023.02.28"]
[WhiteClock "0:00:12"]
[BlackClock "0:00:10"]

1. d4 Nf6 2. Nf3 c5 3. d5 b5 4. e4 Nxe4 5. Bd3 Nf6 6. Bxb5 g6 7. O-O Bg7 8. Nc3 O-O 9. Re1 d6 10. Qe2 e6 11. Bg5 h6 12. Bxf6 Qxf6 13. Rad1 a6 14. Bc4 e5 15. a3 Nd7 16. b4 cxb4 17. axb4 Nb6 18. Bb3 Bg4 19. Ne4 Qe7 20. h3 Bxf3 21. Qxf3 f5 22. Nc5 e4 23. Qe2 Bc3 24. Rf1 Nd7 25. Nxa6 Kh7 26. b5 Rfc8 27. Kh1 Bg7 28. f3 Nf6 29. Nb4 Nh5 30. Qe1 Qg5 31. Kh2 Be5+ 32. Kg1 Bc3 33. f4 Bxe1 34. fxg5 Bxb4 35. gxh6 Ng3 36. Ra1 Bc5+ 37. Kh2 Nxf1+ 38. Rxf1 Bd4 39. Kg3 Be5+ 40. Kf2 Kxh6 41. Ke2 f4 42. Kf2 Rc3 43. Re1 e3+ 44. Kf3 Kg5 45. Rb1 Rb8 46. Ra1 Rxb3 47. Ra7 Rc3 48. h4+ Kh6 49. Rf7 Rxc2 50. g4 Rf2+ 51. Ke4 g5 52. h5 e2 53. Kf5 e1=Q 54. b6 Qb1+ 55. Ke6 Re2 56. Rf5 Bg7+ 57. Kf7 Qxf5+ 58. gxf5 f3 59. f6 Bxf6 60. Kxf6 f2 61. b7 f1=Q# 0-1


[Site "https://www.chess.com"]